 Dungeon Crawl Stone Soup version 0.30-a0-728-gc68057be0a (webtiles) character file.

Game seed: 3644005879934385483

7443 avis the Skirmisher (level 10, -10/81 HPs)
             Began as a Demigod Hunter on Jan 31, 2023.
             Mangled by a komodo dragon (27 damage)
             ... on level 1 of the Lair of Beasts on Feb 1, 2023.
             The game lasted 01:02:25 (9601 turns).

avis the Skirmisher (Demigod Hunter)                Turns: 9601, Time: 01:02:25

Health: -10/81     AC: 12    Str: 12    XL:     10   Next: 62%
Magic:  13/13      EV: 19    Int: 11    God:
Gold:   197        SH:  5    Dex: 29    Spells: 9/9 levels left

rFire   + . .      SeeInvis .    a - +0 shortbow
rCold   x . .      Faith    .    (shield currently unavailable)
rNeg    . . .      Spirit   .    A - +0 swamp dragon scales
rPois   +          Reflect  +    f - +0 helmet
rElec   .          Harm     .    (no cloak)
rCorr   .          Rampage  .    (no gloves)
Will    +....                    (no boots)
Stlth   +++                      c - amulet of reflection
HPRegen 0.33/turn                x - ring of fire
MPRegen 0.13/turn                g - ring of flight

@: flying
A: high MP 1, forlorn, divine attributes, iridescent scales 1, noise suppression
a: no special abilities


You were on level 1 of the Lair of Beasts.
You visited 3 branches of the dungeon, and saw 10 of its levels.
You also visited: Ossuary.

You collected 514 gold pieces.
You spent 317 gold pieces at shops.

Inventory:

Hand Weapons
 a - a +0 shortbow (weapon)
 b - a +4 short sword of holy wrath
 w - a +2 rapier of protection
Missiles
 h - 3 throwing nets
Armour
 f - a +0 helmet (worn)
 A - +0 swamp dragon scales (worn)
Jewellery
 c - an amulet of reflection (around neck)
 g - a ring of flight (right hand)
 s - a +6 ring of strength
 t - an amulet of magic regeneration
 x - a ring of fire (left hand)
Wands
 k - a wand of flame (39)
 S - a wand of iceblast (8)
Scrolls
 d - 2 scrolls of fear
 e - 3 scrolls of immolation
 m - 3 scrolls of teleportation
 n - 3 scrolls of fog
 o - 4 scrolls of vulnerability {unknown}
 p - 3 scrolls of torment {unknown}
 q - a scroll of silence {unknown}
 y - 2 scrolls of blinking
 B - 2 scrolls of magic mapping
 C - 2 scrolls of poison
 G - a scroll of amnesia {unknown}
Potions
 i - 2 potions of brilliance
 j - 3 potions of cancellation
 l - 3 potions of might
 r - 2 potions of magic
 v - 2 potions of haste
 E - 2 potions of flight
 H - 3 potions of curing
 P - 2 potions of lignification


   Skills:
 - Level 5.0 Fighting
 - Level 10.0 Ranged Weapons
 - Level 6.0 Armour
 * Level 9.3 Dodging
 - Level 4.0 Stealth


You had 9 spell levels left.
You didn't know any spells.
Your spell library contained the following spells:

 Spells                   Type           Power      Damage    Failure   Level
 Kiss of Death            Conj/Necr      0%         2d5       58%         1
 Necrotise                Necr           0%         1d4       58%         1
 Summon Small Mammal      Summ           0%         N/A       58%         1
 Cigotuvi's Dreadful Rot  Necr/Pois/Air  0%         N/A       73%         2
 Call Canine Familiar     Summ           0%         N/A       91%         3
 Summon Guardian Golem    Hex/Summ       0%         N/A       91%         3
 Vhi's Electric Charge    Tloc/Air       0%         N/A       91%         3
 Animate Dead             Necr           0%         N/A       100%        4
 Dispel Undead            Necr           0%         3d6       100%        4
 Arcjolt                  Conj/Air       0%         1d10      100%        5
 Death Channel            Necr           0%         N/A       100%        6
 Spellforged Servitor     Conj/Summ      0%         N/A       100%        7
 Summon Hydra             Summ           0%         N/A       100%        7
 Maxwell's Capacitive Co  Air            0%         ∞         100%        8


Dungeon Overview and Level Annotations

Branches:
Dungeon (8/15)             Temple (1/1) D:5            Lair (1/5) D:8
Ossuary (visited)

Shops:
D:4 *   D:6 **

Annotations:
D:6 1 runed translucent door, Crazy Yiuf, Grinder
D:7 3 runed translucent doors, AverageBear's ghost, novice OpTm


Innate Abilities, Weirdness & Mutations

You have an increased reservoir of magic. (+10% MP)
You shall have no god before yourself.
Your divine heritage dramatically boosts your attributes as you level up.
You are partially covered in iridescent scales. (AC +2)
You passively dampen the noise of your surroundings.


Message History

You feel better.
The komodo dragon bites you but does no damage.
Fire: a) +0 shortbow
Press: ? - help, Q - select action, (/) - cycle Shift-Dir - straight line, f/p - komodo dragon
Aim: a komodo dragon (lightly wounded, 77% to hit)
You shoot an arrow.
The arrow closely misses the komodo dragon.
The komodo dragon misses you.
Fire: a) +0 shortbow
Press: ? - help, Q - select action, (/) - cycle Shift-Dir - straight line, f/p - komodo dragon
Aim: a komodo dragon (lightly wounded, 77% to hit)
You shoot an arrow. The arrow hits the komodo dragon!
The komodo dragon is moderately wounded.
The komodo dragon closely misses you.
Fire: a) +0 shortbow
Press: ? - help, Q - select action, (/) - cycle Shift-Dir - straight line, f/p - komodo dragon
Aim: a komodo dragon (moderately wounded, 77% to hit)
You shoot an arrow.
The arrow barely misses the komodo dragon.
The komodo dragon misses you.
Fire: a) +0 shortbow
Press: ? - help, Q - select action, (/) - cycle Shift-Dir - straight line, f/p - komodo dragon
Aim: a komodo dragon (moderately wounded, 77% to hit)
You shoot an arrow.
The arrow hits the komodo dragon but does no damage.
The komodo dragon is moderately wounded.
You block the komodo dragon's attack.
Fire: a) +0 shortbow
Press: ? - help, Q - select action, (/) - cycle Shift-Dir - straight line, f/p - komodo dragon
Aim: a komodo dragon (moderately wounded, 77% to hit)
You shoot an arrow.
The arrow closely misses the komodo dragon.
The komodo dragon closely misses you. You block the komodo dragon's attack.
Fire: a) +0 shortbow
Press: ? - help, Q - select action, (/) - cycle Shift-Dir - straight line, f/p - komodo dragon
Aim: a komodo dragon (moderately wounded, 77% to hit)
You shoot an arrow.
The arrow barely misses the komodo dragon.
The komodo dragon bites you!!
You die...

.#P.##.....# #P...##.###.P
...........## #............
............#######...........
. ...................F.....)...
..:........................<...
##..#+.........................
..............†..........#.##..
.......)....##l####....####.###
......#....###@# #P....##......
..... #....###.####....##......
.... #.........###....##......
... #....###.........#.......
.. #....# #..###....##...... .
#..... #### #....##......
.....## #....#######. ......#
#. ........ ..


You could see a komodo dragon.

Vanquished Creatures
  Harold (Lair:1)
  A centaur warrior (D:7)
  Pikel (D:7)
  A cane toad (Lair:1)
  A torpor snail (Lair:1)
  Maggie (D:6)
  A troll (D:7)
  A vampire (D:7)
  A human (D:4)
  A wyvern (D:8)
  Eustachio (D:5)
  A yak (D:8)
  3 water moccasins
  2 orc warriors
  2 ice beasts
  3 sky beasts
  6 black bears
  A centaur (D:7)
  A phantom (D:6)
  A kobold brigand (D:7)
  2 bullfrogs
  A necrophage (D:3)
  Blork the orc (D:5)
  4 scorpions
  9 water moccasin zombies (Ossuary)
  A wight (D:7)
  2 electric eels (D:6)
  3 gnoll boudas
  7 hounds
  A jelly (D:5)
  4 orc priests
  4 iguanas
  An iron imp (D:5)
  4 orc wizards
  3 mummies
  14 gnolls
  13 adders
  A shadow imp (D:7)
  5 white imps
  An ufetubus (D:7)
  2 adder zombies (Ossuary)
  4 dart slugs
  26 orcs
  11 ball pythons
  8 endoplasms
  4 giant cockroaches
  3 gnoll zombies (Ossuary)
  8 goblins
  8 hobgoblins
  3 jackals (D:1)
  8 kobolds
  3 quokkas
  3 bats (D:2)
  6 frilled lizards
  A goblin skeleton (D:4)
  4 hobgoblin zombies (Ossuary)
  A kobold skeleton (D:4)
  4 kobold zombies (Ossuary)
  7 orc zombies (Ossuary)
  7 rats
233 creatures vanquished.

Vanquished Creatures (others)
  A fungus (Lair:1)
  4 plants
5 creatures vanquished.

Grand Total: 238 creatures vanquished

Notes
Turn   | Place    | Note
-------+----------+-------------------------------------------
     0 | D:1      | avis the Demigod Hunter began the quest for the Orb.
     0 | D:1      | Reached XP level 1. HP: 17/17 MP: 3/3
   132 | D:1      | Reached skill level 4 in Ranged Weapons
   136 | D:1      | Reached XP level 2. HP: 17/24 MP: 4/4
   824 | D:2      | Reached XP level 3. HP: 29/29 MP: 5/5
   915 | D:2      | Reached skill level 1 in Stealth
  1244 | D:2      | Reached XP level 4. HP: 35/36 MP: 6/6
  2308 | D:3      | Noticed a necrophage
  2318 | D:3      | Killed a necrophage
  2319 | D:3      | Reached XP level 5. HP: 40/45 MP: 7/7
  2769 | D:3      | HP: 2/45 [orc priest/+0 whip (4)]
  2772 | D:3      | Reached skill level 5 in Ranged Weapons
  3209 | D:4      | Found a runed translucent door.
  3209 | D:4      | Noticed a human
  3235 | D:4      | Killed a human
  3236 | D:4      | Reached skill level 6 in Ranged Weapons
  3236 | D:4      | Reached XP level 6. HP: 28/51 MP: 8/8
  3789 | D:4      | Gained mutation: You passively dampen the noise of your
                  | surroundings. [potion of mutation]
  3789 | D:4      | Gained mutation: You are partially covered in iridescent
                  | scales. (AC +2) [potion of mutation]
  4013 | D:4      | Found Leh Ukos's General Store.
  4018 | D:4      | Reached XP level 7. HP: 57/57 MP: 9/9
  4117 | D:5      | Entered Level 5 of the Dungeon
  4172 | D:5      | Reached skill level 5 in Dodging
  4313 | D:5      | Found a staircase to the Ecumenical Temple.
  4547 | D:5      | Noticed Blork the orc
  4552 | D:5      | Killed Blork the orc
  4798 | D:5      | Noticed Eustachio
  4828 | D:5      | Killed Eustachio
  4829 | D:5      | Reached XP level 8. HP: 22/66 MP: 10/10
  5284 | Temple   | Entered the Ecumenical Temple
  5328 | D:4      | Bought a scroll of enchant weapon for 75 gold pieces
  5328 | D:4      | Bought a potion of cancellation for 80 gold pieces
  5328 | D:4      | Bought a scroll of fog for 40 gold pieces
  5328 | D:4      | Bought a scroll of identify for 20 gold pieces
  5399 | D:6      | Found Mudosimp's Assorted Antiques.
  5444 | D:6      | Reached skill level 7 in Ranged Weapons
  5717 | D:6      | Noticed Maggie
  5738 | D:6      | Killed Maggie
  5739 | D:6      | Reached skill level 8 in Ranged Weapons
  5750 | D:6      | Identified the +5 robe "Qumaol Rerch" {Str+5 Dex-4}
  5819 | D:6      | Found a runed translucent door.
  5819 | D:6      | Noticed Grinder
  5820 | D:6      | Noticed Crazy Yiuf
  6199 | D:6      | Reached skill level 1 in Armour
  6551 | D:6      | Found Gozag's Platinum Reserve.
  6647 | D:6      | Bought a sedimented white potion for 19 gold pieces
  6647 | D:6      | Bought 2 viscous purple potions for 39 gold pieces
  6647 | D:6      | Bought a scroll of identify for 44 gold pieces
  6780 | D:7      | Found a sand-covered staircase.
  6796 | Ossuary  | Entered an ossuary
  6840 | Ossuary  | Reached XP level 9. HP: 54/71 MP: 11/11
  7140 | D:7      | Noticed Pikel
  7152 | D:7      | Killed Pikel
  7503 | D:7      | Noticed a +0 falchion
  7503 | D:7      | Noticed a +0 short sword
  7507 | D:7      | Noticed a +0 spear
  7525 | D:7      | Noticed a +0 falchion
  7527 | D:7      | Noticed a +0 short sword
  7527 | D:7      | Noticed a +0 spear
  7528 | D:7      | Noticed a +0 dagger
  7528 | D:7      | Noticed a +0 dagger
  7663 | D:7      | Reached skill level 5 in Armour
  7922 | D:7      | Noticed a centaur warrior
  7923 | D:7      | Got Nenobes's Spellbook of Mortuary Summoning
  7931 | D:7      | Killed a centaur warrior
  7932 | D:7      | Reached skill level 5 in Fighting
  7932 | D:7      | Reached XP level 10. HP: 23/81 MP: 13/13
  7941 | D:7      | Found a runed translucent gate.
  7941 | D:7      | Found a runed translucent gate.
  7941 | D:7      | Found a runed translucent gate.
  7941 | D:7      | Noticed AverageBear's ghost (novice OpTm)
  8875 | D:8      | Reached skill level 9 in Ranged Weapons
  9048 | D:8      | Found a staircase to the Lair.
  9468 | Lair:1   | Entered Level 1 of the Lair of Beasts
  9486 | Lair:1   | Noticed a torpor snail
  9501 | Lair:1   | Killed a torpor snail
  9502 | Lair:1   | Reached skill level 10 in Ranged Weapons
  9539 | Lair:1   | Noticed Harold
  9560 | Lair:1   | Killed Harold
  9601 | Lair:1   | Mangled by a komodo dragon

Illustrated notes

Levels and vault maps discovered:
D:1:      sevenhm_arrival_forest_fort_large_2, layout_rooms,
          dreamdust_princess_corridor, chequers_serial_rivers_large_b
D:2:      minmay_razor_zed, layout_rooms, basic_ecumenical_altar,
          minmay_hedge_maze
D:3:      cheibrodos_old_hovel, layout_basic, serial_aquarium,
          aquarium_bridge_square [aquarium_subvault_bridge,
          aquarium_subvault_bridge, aquarium_subvault_bridge,
          aquarium_subvault_bridge], aquarium_window_1, aquarium_window_fake,
          aquarium_window_corridor_1, aquarium_window_fake, aquarium_view_2c,
          chequers_serial_rivers_small_3
D:4:      layout_basic, mainiacjoe_overflow_paths, dk_yredelemnul_ordeal,
          serial_shops, shop
D:5:      layout_loops_cross, trog_book, nicolae_overflow_crystal_walls,
          vehumet_altar_wand_db, slow_altar_1, minmay_temple_entry_slanted,
          hangedman_decor_lopped, wad_floor_pattern_untrapped, uniq_eustachio,
          uniq_blork_the_orc
D:6:      layout_basic, nicolae_gozag_zags_fifth_avenue,
          mainiacjoe_overflow_catch_the_wave, serial_shops, shop,
          uniq_crazy_yiuf_cottage, uniq_maggie, uniq_grinder
D:7:      nzn_winding_woodlands_medium [nzn_winding_woodlands_5x5_three,
          nzn_winding_woodlands_5x15_parted, nzn_winding_woodlands_5x5_default,
          nzn_winding_woodlands_hourglass,
          nzn_winding_woodlands_center_diamonds,
          nzn_winding_woodlands_5x5_cross, nzn_winding_woodlands_5x5_default,
          nzn_winding_woodlands_5x15_pathside_ponds,
          nzn_winding_woodlands_5x5_perimeter], layout_basic,
          nicolae_uskayaw_en_pointe, mainiacjoe_overflow_chevrons,
          biasface_ghost_orc_armoury, gup_ossuary_entry_pyramid, uniq_pikel
D:8:      layout_cave_pools, marbit_many_paths, david_lair_generic
Temple:   hellmonk_temple_micro_hex
Lair:1:   layout_regular_city, basic_altar, uniq_harold

Skill      XL: |  1  2  3  4  5  6  7  8  9 10 |
---------------+-------------------------------+-----
Fighting       | 2 3 4 5 |  5.0
Ranged Weapons | 4 6 8 10 | 10.0
Dodging        | 2 3 4 6 7 9 |  9.3
Stealth        | 2 3 4 |  4.0
Armour         | 2 5 6 |  6.0

Action                     |  1- 3 |  4- 6 |  7- 9 | 10-12 || total
---------------------------+-------+-------+-------+-------++-------
  Melee: Short sword       |       |       |    16 |       ||    16
         Punch             |       |       |     1 |       ||     1
   Fire: Shortbow          |   122 |   204 |   478 |   221 ||  1025
  Evoke: Wand              |       |       |       |     2 ||     2
    Use: Scroll            |       |     2 |    10 |     4 ||    16
         Potion            |       |     7 |     3 |     2 ||    12
 Armour: Leather armour    |    16 |    34 |    23 |       ||    73
         Skin              |       |     5 |       |       ||     5
         Swamp dragon scal |       |       |    69 |    41 ||   110
  Dodge: Dodged            |    33 |    89 |   317 |   171 ||   610
  Block: Other             |       |       |       |    24 ||    24

Table legend: (Time is in decaauts)
 A = Elapsed time spent in this place.
 B = Non-inter-level travel time spent in this place.
 C = Inter-level travel time spent in this place.
 D = Time resting spent in this place.
 E = Time spent auto-exploring this place.
 F = Levels seen in this place.
 G = Mean time per level.
                   A        B        C        D        E       F      G
               +--------+--------+--------+--------+--------+-----+--------+
         Total |   9872 |   8754 |   1118 |   1975 |   4203 |  11 |  897.5 |
       Dungeon |   9394 |   8280 |   1114 |   1912 |   4179 |   8 | 1174.2 |
        Temple |     25 |     22 |      3 |      0 |      0 |   1 |   25.0 |
          Lair |    147 |    147 |      0 |      0 |     24 |   1 |  147.0 |
       Ossuary |    305 |    305 |      0 |     63 |      0 |   1 |  305.0 |
               +--------+--------+--------+--------+--------+-----+--------+

Top non-repeatable levels by time:
     D:7: 1724 daAuts
     D:6: 1371 daAuts
     D:3: 1368 daAuts
     D:5: 1128 daAuts
     D:4: 1077 daAuts
     D:2: 1032 daAuts
     D:1: 966 daAuts
     D:8: 725 daAuts
 Ossuary: 305 daAuts
  Lair:1: 147 daAuts
  Temple: 25 daAuts
